 Dungeon Crawl Stone Soup version 0.22.0-13-g43fe8f24b8 (webtiles) character file.

5602 flt the Nimble (level 10, -3/75 HPs)
             Began as an Octopode Monk on Aug 16, 2018.
             Was a Believer of Elyvilon.
             Slain by a yak (7 damage)
             ... on level 1 of the Lair of Beasts.
             The game lasted 00:28:51 (9527 turns).

flt the Nimble (Octopode Monk)                      Turns: 9527, Time: 00:28:52

Health: -3/75      AC:  2    Str: 11    XL:     10   Next: 73%
Magic:  8/12       EV: 21    Int: 17    God:    Elyvilon [**....]
Gold:   141        SH:  0    Dex: 18    Spells: 11/12 levels left

rFire    + . .     SeeInvis .   b - +10 morningstar of the Badger {freeze, rPois}
rCold    + . .     Gourm    .   (no shield)
rNeg     . . .     Faith    .   (helmet restricted)
rPois    +         Spirit   .   c - amulet of regeneration
rElec    .         Reflect  .   d - ring of fire
rCorr    .         Harm     .   o - ring of protection from cold
MR       .....     Clarity  +   y - +2 ring of intelligence
Stlth    +++++.....             z - +3 ring of dexterity (curse)
HPRegen  0.62/turn              G - ring of protection from cold
MPRegen  0.13/turn              (no ring)
                                (no ring)
                                (no ring)

@: no status effects
A: almost no armour, stealthy swim, amphibious, 8 rings, constrict 8, camouflage
1, clarity, shaggy fur 1, gelatinous body 1
a: Lesser Healing, Heal Other, Divine Protection, Renounce Religion


You were on level 1 of the Lair of Beasts.
You worshipped Elyvilon.
Elyvilon was pleased with you.
You were hungry.

You visited 3 branches of the dungeon, and saw 11 of its levels.

You collected 357 gold pieces.
You spent 216 gold pieces at shops.

Inventory:

Hand Weapons
 a - a +1 dagger of venom
 b - the +10 morningstar of the Badger (weapon) {freeze, rPois}
   (You bought it in a shop on level 5 of the Dungeon)

   It has been specially enchanted to freeze those struck by it, causing extra
   injury to most foes and up to half again as much damage against particularly
   susceptible opponents.
   It can also slow down cold-blooded creatures.
   It protects you from poison.
 j - a +1 long sword of protection
 n - a +1 spear of flaming
 q - a +0 hunting sling
 C - a +0 whip of flaming
Missiles
 m - 104 arrows
 p - 27 sling bullets
 x - 57 poisoned needles
Jewellery
 c - an amulet of regeneration (around mantle)
 d - a ring of fire (left tentacle)
 o - a ring of protection from cold (right tentacle)
 r - an uncursed amulet of rage
 y - a +2 ring of intelligence (on tentacle)
 z - a cursed +3 ring of dexterity (on tentacle)
 G - a ring of protection from cold (on tentacle)
Wands
 w - a wand of digging (13)
 B - a wand of acid (8)
 E - a wand of paralysis (36)
Scrolls
 f - 2 scrolls of fear
 g - 3 scrolls of amnesia
 i - 2 scrolls of teleportation
 A - 2 scrolls of magic mapping
 F - a scroll of identify
 H - a scroll of remove curse
 K - a scroll of vulnerability
Potions
 e - 2 potions of mutation
 h - a potion of curing
 k - a potion of flight
 l - a potion of invisibility {unknown}
 s - 2 potions of might
 u - a potion of degeneration {unknown}
 v - a potion of brilliance {unknown}
 I - a potion of resistance
 J - a potion of ambrosia {unknown}
Comestibles
 t - 18 rations
 D - 6 chunks of flesh


   Skills:
 * Level 9.6 Fighting
 * Level 9.7 Dodging
 + Level 8.4 Stealth
 + Level 7.1 Unarmed Combat
 * Level 1.8 Spellcasting


You had 11 spell levels left.
You knew the following spells:

 Your Spells              Type           Power        Failure   Level  Hunger
a - Magic Dart            Conj           #...         21%         1    #......

Your spell library contained the following spells:

 Spells                   Type           Power        Failure   Level  Hunger
 Iskenderun's Mystic Bla  Conj           #.......     89%         4    #####..
 Animate Dead             Necr           N/A          89%         4    #####..
 Pain                     Necr           #...         21%         1    #......
 Animate Skeleton         Necr           N/A          21%         1    #......
 Vampiric Draining        Necr           #.........   52%         3    ###....
 Regeneration             Chrm/Necr      #.........   52%         3    ###....
 Fulminant Prism          Conj/Hex       #.........   89%         4    #####..
 Dazzling Spray           Conj/Hex       #.....       52%         3    ###....
 Force Lance              Conj/Tloc      #.......     89%         4    #####..
 Searing Ray              Conj           #.....       30%         2    ###....


Dungeon Overview and Level Annotations

Branches:
Dungeon (9/15)             Temple (1/1) D:4            Lair (1/6) D:9
    Orc: D:9-12

Altars:
Ashenzari
Cheibriados
Dithmenos
Elyvilon
Fedhas
Gozag
Hepliaklqana
Kikubaaqudgha
Makhleb
Nemelex Xobeh
Okawaru
Qazlal
Ru
Sif Muna
Trog
Uskayaw
Vehumet
Wu Jian
Xom
Yredelemnul
Zin
The Shining One

Shops:
D:5 (   D:6 %:*=


Innate Abilities, Weirdness & Mutations

You cannot wear most types of armour.
You are very stealthy in the water. (Stealth+)
You are amphibious.
You can wear up to eight rings at the same time.
You can use your tentacles to constrict eight enemies at once.
Your skin changes colour to match your surroundings (Stealth+).
Your rubbery body absorbs attacks. (AC +1, EV +1)
You possess an exceptional clarity of mind.
You are covered in fur. (AC +1)


Message History

The yak is moderately wounded.
The yak gores you.
* * * LOW HITPOINT WARNING * * *
You feel better. The yak gores you!
* * * LOW HITPOINT WARNING * * *
Your +1 dagger of venom stops dripping with poison.
The +10 morningstar of the Badger {freeze, rPois} glows with a cold blue light!
b - the +10 morningstar of the Badger (weapon)
{freeze, rPois} The yak gores you!
* * * LOW HITPOINT WARNING * * *
Okay, then.
You are healed.
You feel somewhat more hungry. The yak misses you.
You are healed.
You feel somewhat more hungry. The yak gores you!
* * * LOW HITPOINT WARNING * * *
Press: ? - help, Dir - move target cursor, f - yak Heal: a yak (severely wounded, poisoned)
The yak is completely unfazed by your meager offer of peace.
You are feeling hungry.
The yak gores you!
You die...

........Y##....##
........#Y##....#
..........Y.##..##
#..........>..####
...............##
................##
.............#..Y##
.............###Y.#
.............##@#..#
...(..........####..#
#............## #..#
..######....## #..#
#....## #..# ##.###
.#. ##...# . ##...##
##...##


You could see 2 yaks.

Vanquished Creatures
  Pikel (D:6)
  A slime creature (D:8)
  Prince Ribbit (D:6)
  A hippogriff (D:8)
  A shadow (D:7)
  7 yaks
  Duvessa (D:6)
  A porcupine (Lair:1)
  An orc warrior (D:6)
  A black bear (D:8)
  2 sky beasts
  2 slaves (D:6)
  7 ogres
  2 centaurs
  2 crocodiles (Lair:1)
  4 bullfrogs
  Blork the orc (D:4)
  Dowan (D:6)
  2 scorpions
  8 killer bees
  A howler monkey (D:7)
  A crimson imp (D:5)
  A centaur zombie (D:5)
  2 bullfrog zombies
  4 hounds
  5 orc priests
  A centaur skeleton (D:6)
  A jelly (D:8)
  Crazy Yiuf (D:2)
  2 iguanas
  3 orc wizards
  8 worker ants
  A killer bee zombie (D:6)
  A hound skeleton (D:5)
  A howler monkey zombie (D:8)
  Robin (D:2)
  6 gnolls
  8 adders
  2 adder skeletons
  3 worms (D:8)
  2 dart slugs (D:1)
  4 leopard geckos
  10 orcs
  A bat zombie (D:6)
  10 giant cockroaches
  10 hobgoblins
  8 jackals
  3 quokkas
  3 ball pythons
  A ball python skeleton (D:5)
  5 bats
  5 frilled lizards
  16 goblins
  5 kobolds
  A leopard gecko skeleton (D:5)
  2 quokka skeletons
  A quokka zombie (D:7)
  9 rats
  2 rat zombies (D:6)
198 creatures vanquished.

Vanquished Creatures (others)
  A bush (D:7)
1 creature vanquished.

Grand Total: 199 creatures vanquished

Notes
Turn   | Place    | Note
-------+----------+-------------------------------------------
     0 | D:1      | flt the Octopode Monk began the quest for the Orb.
     0 | D:1      | Reached XP level 1. HP: 16/16 MP: 1/1
   134 | D:1      | Reached XP level 2. HP: 17/21 MP: 2/2
   575 | D:1      | Reached XP level 3. HP: 26/26 MP: 3/3
   979 | D:2      | Found a runed door.
  1053 | D:2      | Reached XP level 4. HP: 20/33 MP: 4/4
  1628 | D:2      | Noticed Robin
  1671 | D:2      | Killed Robin
  1676 | D:2      | Reached XP level 5. HP: 14/37 MP: 5/5
  2166 | D:2      | Gained mutation: You possess an exceptional clarity of mind. [potion of mutation]
  2166 | D:2      | Gained mutation: You are covered in fur. (AC +1) [potion of mutation]
  2178 | D:2      | Noticed Crazy Yiuf
  2213 | D:2      | Killed Crazy Yiuf
  3154 | D:4      | Found a stormy altar of Qazlal.
  3289 | D:4      | Found a blossoming altar of Fedhas.
  3340 | D:4      | Found a staircase to the Ecumenical Temple.
  3346 | Temple   | Entered the Ecumenical Temple
  3599 | Temple   | Reached XP level 6. HP: 13/44 MP: 6/6
  3880 | D:4      | Reached skill level 5 in Fighting
  3880 | D:4      | Reached skill level 5 in Dodging
  3957 | D:4      | Noticed Blork the orc
  3963 | D:4      | Found a deep blue altar of Sif Muna.
  3966 | D:4      | Killed Blork the orc
  3966 | D:4      | Reached XP level 7. HP: 43/50 MP: 7/7
  4612 | D:5      | Entered Level 5 of the Dungeon
  4668 | D:5      | Noticed a yak
  4668 | D:5      | Noticed a yak
  4697 | D:4      | Killed a yak
  4767 | D:5      | Noticed a yak
  4767 | D:5      | Noticed a yak
  4787 | D:5      | Noticed a yak
  4834 | D:4      | Killed a yak
  4834 | D:4      | Reached XP level 8. HP: 28/57 MP: 8/8
  4968 | D:5      | Found Ismol's Antique Weapon Boutique.
  4980 | D:5      | Bought a pitted morningstar for 216 gold pieces
  4980 | D:5      | Identified the +10 morningstar of the Badger {freeze, rPois} (You bought it in a shop on level 5 of the Dungeon)
  5140 | D:5      | Killed a yak
  5140 | D:5      | Reached skill level 5 in Unarmed Combat
  5272 | D:5      | Killed a yak
  5343 | D:5      | Killed a yak
  5343 | D:5      | Reached skill level 5 in Stealth
  5774 | D:5      | Learned a level 1 spell: Magic Dart
  5966 | D:5      | Reached XP level 9. HP: 64/64 MP: 9/9
  5995 | D:6      | Found Xoettow's Book Shoppe.
  5997 | D:6      | Found Nujuhogh's Food Shop.
  6001 | D:6      | Noticed Prince Ribbit
  6012 | D:6      | Killed Prince Ribbit
  6143 | D:6      | Noticed Pikel
  6158 | D:6      | Killed Pikel
  6366 | D:6      | Found Kualepn's Assorted Antiques.
  6531 | D:6      | Found Vimuw's Jewellery Emporium.
  6532 | D:6      | Noticed Duvessa
  6532 | D:6      | Noticed Dowan
  6586 | D:6      | Killed Dowan
  6794 | D:6      | Found an ancient bone altar of Kikubaaqudgha.
  6828 | D:6      | Killed Duvessa
  7193 | D:6      | Reached XP level 10. HP: 28/73 MP: 10/10
  8432 | D:8      | Found a glowing golden altar of the Shining One.
  8749 | D:8      | Noticed a moth of wrath
  8797 | D:8      | Found a bloodstained altar of Trog.
  9143 | D:8      | Found a white marble altar of Elyvilon.
  9149 | D:8      | Became a worshipper of Elyvilon the Healer
  9149 | D:8      | Reached * piety under Elyvilon
  9149 | D:8      | Reached ** piety under Elyvilon
  9240 | D:9      | Reached skill level 1 in Spellcasting
  9269 | D:9      | Found a staircase to the Lair.
  9280 | Lair:1   | Entered Level 1 of the Lair of Beasts
  9526 | Lair:1   | HP: 3/75 [yak (11)]
  9527 | Lair:1   | Slain by a yak

Skill      XL: |  1  2  3  4  5  6  7  8  9 10 |
---------------+-------------------------------+-----
Stealth        | 3 4 5 7 8 |  8.4
Dodging        | 4 5 6 7 8 9 |  9.7
Fighting       | 4 5 6 7 8 9 |  9.6
Unarmed Combat | 4 5 6 7 |  7.1
Spellcasting   | 1 |  1.8

Action                   |  1- 3 |  4- 6 |  7- 9 | 10-12 || total
-------------------------+-------+-------+-------+-------++-------
Melee: Unarmed           |    58 |    43 |       |       ||   101
       Tentacles         |    17 |    25 |    41 |    33 ||   116
       Constrict         |    21 |    27 |    37 |    26 ||   111
       Punch             |     3 |     4 |    13 |    10 ||    30
       Dagger            |    20 |   104 |   163 |   110 ||   397
       Morningstar       |       |       |    47 |    48 ||    95
Invok: Lesser Healing    |       |       |       |     2 ||     2
       Heal Other        |       |       |       |     1 ||     1
  Use: Scroll            |     1 |     7 |     4 |     4 ||    16
       Potion            |       |     5 |     3 |     6 ||    14
 Stab: Sleeping          |    11 |     7 |     7 |    13 ||    38
       Distracted        |       |     1 |     4 |     1 ||     6
  Eat: Chunk             |       |    10 |    10 |     4 ||    24
       Ration            |       |       |       |     1 ||     1
Armor: Skin              |    10 |    23 |     9 |     7 ||    49
Dodge: Dodged            |    37 |    73 |   166 |   166 ||   442
